Quebec Rempart vs Rochester Americans

Created - 12 janvier 2021 at 08:09

Goals
1 2 3 T
Quebec Rempart 2 4 2 8
Rochester Americans 1 2 2 5
Shots
1 2 3 T
Quebec Rempart 8 16 9 33
Rochester Americans 11 12 16 39

1st period

1. Quebec Rempart , Trevor Lewis 11 (Buddy Robinson 17, Kyle Clifford 24) at 4:20
2. Quebec Rempart , Nicolas Roy 18 (Mathieu Joseph 17) at 10:37
3. Rochester Americans , Alex Formenton 22 (Jake Lucchini 5) at 10:47

Penalties :
Michael Rasmussen (AMR) for Fighting (Major) at 10:42, Kyle Clifford (REM) for Fighting (Major) at 10:42, Gavin Bayreuther (AMR) for Fighting (Major) at 10:45, Buddy Robinson (REM) for Fighting (Major) at 10:45, Nathan Bastian (AMR) for Goalie Interference (Minor) at 12:31

2nd period

4. Quebec Rempart , Jack Kopacka 8 (Brennan Menell 10, Eetu Tuulola 9) at 0:34
5. Quebec Rempart , Mathieu Joseph 14 (Nicolas Roy 18, Kyle Clifford 25) at 2:41 (PP)
6. Quebec Rempart , Mark Letestu 5 (Mathieu Joseph 18, Nicolas Roy 19) at 5:37
7. Quebec Rempart , Brendan Guhle 4 (Kyle Clifford 26, Trevor Lewis 18) at 6:11 (PP)
8. Rochester Americans , Gavin Bayreuther 1 (Brandon Davidson 12, Christoffer Ehn 12) at 18:29 (PP)
9. Rochester Americans , Michael Rasmussen 12 (Brandon Davidson 13) at 18:37

Penalties :
Gavin Bayreuther (AMR) for High sticking (Minor) at 0:56, Michael Rasmussen (AMR) for Holding (Minor) at 5:59, Alex Formenton (AMR) for Fighting (Major) at 6:34, Buddy Robinson (REM) for Fighting (Major) at 6:34, Seth Griffith (AMR) for Fighting (Major) at 7:13, Kyle Clifford (REM) for Fighting (Major) at 7:13, Michael Eyssimont (AMR) for Hooking (Minor) at 13:23, Brendan Guhle (REM) for Holding (Minor) at 16:46

3rd period

10. Rochester Americans , Alex Formenton 23 (Nathan Bastian 12, Michael Rasmussen 21) at 2:59 (PP)
11. Rochester Americans , Alex Formenton 24 (Nathan Bastian 13, Steven Kampfer 6) at 3:15
12. Quebec Rempart , Alexei Toropchenko 4 (Brennan Menell 11, Sami Niku 13) at 4:44
13. Quebec Rempart , Eetu Tuulola 11 (Jack Kopacka 7, Brendan Guhle 21) at 6:53

Penalties :
Buddy Robinson (REM) for Checking from behind (Minor) at 2:00, Alex Formenton (AMR) for Fighting (Major) at 3:16, Jeremy Lauzon (REM) for Fighting (Major) at 3:16, Michael Rasmussen (AMR) for Fighting (Major) at 12:52, Brennan Menell (REM) for Fighting (Major) at 12:52

Goalie Stats

Thatcher Demko (REM), 34 saves from 39 shots - (0,872), W, 4-3-2, 60:00 minutes
Unknown Goalie (AMR), 16 saves from 20 shots - (0,800), 35:48 minutes
Unknown Goalie (AMR), 9 saves from 13 shots - (0,692), L, 0-1-0, 24:12 minutes

Players Stats for Quebec Rempart

Player Name              G  A  P  +/- PIM S  H  SB GA TA FO     MP     PP MP  PK MP  
------------------------------------------------------------------------------------
Alexei Toropchenko       1  0  1   1  0   2  0  0  0  0  0/0     8:37   0:00   0:00 
Brendan Guhle            1  1  2   0  2   7  0  1  0  1  0/0    27:01   3:53   0:47 
Brennan Menell           0  2  2   2  5   0  2  1  0  0  0/0    17:19   2:02   0:56 
Buddy Robinson           0  1  1   2  12  2  1  2  0  0  2/5    21:02   2:21   1:17 
Eetu Tuulola             1  1  2   1  0   3  2  0  1  0  0/1    15:24   1:12   0:00 
Jack Kopacka             1  1  2   2  0   2  1  1  1  0  2/2    15:19   0:47   0:34 
Jeremy Lauzon            0  0  0  -1  5   0  2  0  1  0  0/0    25:23   3:53   1:46 
Kevin Hancock            0  0  0   1  0   0  0  1  0  0  0/0     8:37   0:00   0:00 
Kyle Clifford            0  3  3   1  10  3  0  0  0  1  1/3    15:45   2:11   0:26 
Mark Letestu             1  0  1   0  0   2  0  0  0  1  0/0    17:04   1:58   0:00 
Mathieu Joseph           1  2  3   0  0   5  2  1  3  0  0/1    17:41   2:29   0:26 
Nick Ebert               0  0  0   2  0   0  1  3  0  0  0/0    16:15   0:00   0:00 
Nicolas Roy              1  2  3   0  0   1  0  0  1  0  9/19   18:17   2:20   0:25 
Sami Niku                0  1  1   2  0   1  1  1  0  0  0/0    19:13   2:02   0:56 
Sebastian Repo           0  0  0  -1  0   0  2  0  0  0  0/2     6:33   1:09   0:00 
Trevor Lewis             1  1  2   0  0   4  2  1  0  2  14/38  21:45   3:09   2:16 
Tristin Langan           0  0  0   2  0   1  3  0  0  0  2/2    11:47   0:09   0:00 
Yegor Rykov              0  0  0   1  0   0  0  1  0  1  0/0    14:08   0:00   0:59 

Players Stats for Rochester Americans

Player Name              G  A  P  +/- PIM S  H  SB GA TA FO     MP     PP MP  PK MP  
------------------------------------------------------------------------------------
Alex Formenton           3  0  3   1  10  6  1  0  2  0  1/2    19:10   1:17   3:18 
Alexander Alexeyev       0  0  0   0  0   1  0  1  0  0  0/0    18:34   1:23   1:48 
Andreas Martinsen        0  0  0  -1  0   0  0  0  0  0  0/2     6:48   0:00   0:00 
Austin Strand            0  0  0   0  0   0  0  0  0  0  0/0     5:10   0:00   0:27 
Brandon Davidson         0  2  2   0  0   6  1  1  0  1  0/0    28:40   1:19   3:52 
Christoffer Ehn          0  1  1  -2  0   2  1  0  1  0  0/0    16:44   1:25   0:00 
Gavin Bayreuther         1  0  1  -1  7   2  1  4  0  0  0/0    21:20   1:19   1:26 
Jake Lucchini            0  1  1   0  0   1  1  0  0  0  4/7    13:03   0:00   1:09 
Joe Snively              0  0  0  -1  0   0  1  0  0  0  0/0     6:48   0:00   0:00 
Michael Eyssimont        0  0  0  -1  2   4  1  0  0  0  3/3    13:16   0:00   1:08 
Michael Rasmussen        1  1  2   0  12  4  1  0  1  1  28/40  18:57   1:17   2:09 
Moritz Seider            0  0  0  -2  0   0  3  3  0  1  0/0    13:51   0:00   0:15 
Nathan Bastian           0  2  2   1  2   3  2  2  0  0  0/2    21:24   1:17   1:14 
Niko Mikkola             0  0  0  -3  0   0  1  0  0  1  0/0    13:49   0:00   2:14 
Rhett Gardner            0  0  0  -1  0   2  1  0  0  1  2/5    13:09   0:00   1:10 
Seth Griffith            0  0  0  -2  5   3  3  0  1  0  5/11   17:03   1:25   1:35 
Steven Kampfer           0  1  1   0  0   0  0  0  0  0  0/0    18:34   1:23   1:48 
Tyler Benson             0  0  0  -2  0   5  4  1  0  2  0/1    17:14   1:25   0:07 
Zach Senyshyn            0  0  0  -1  0   0  0  0  1  0  0/0    10:21   0:00   0:00 

3 Stars

1 - Mathieu Joseph (REM)
2 - Jack Kopacka (REM)
3 - Eetu Tuulola (REM)

Power Play

Quebec Rempart - 2 on 4 Attempt(s) - 50,00%
Rochester Americans - 2 on 2 Attempt(s) - 100,00%

Penalty Kill

Quebec Rempart - 0 on 2 Attempt(s) - 0,00% - Score 0 goal in Penalty Kill
Rochester Americans - 2 on 4 Attempt(s) - 50,00% - Score 0 goal in Penalty Kill

Team Stat

Quebec Rempart - Hits : 19 - Faceoff Wins : 30 - Blocked Shots : 13 - Penalty Minutes : 34
Rochester Americans - Hits : 22 - Faceoff Wins : 43 - Blocked Shots : 12 - Penalty Minutes : 38

Official

Referees : Chris Lee and Dave Lewis
Linesman : Stephen Drain and Jake Davis

Game Notes

Michael Rasmussen and Kyle Clifford fight to a draw at 10:42 of 1st period
Buddy Robinson beats up Gavin Bayreuther at 10:45 of 1st period
Unknown Goalie enters game at 2:41 of 2nd period
Alex Formenton and Buddy Robinson fight to a draw at 6:34 of 2nd period
Kyle Clifford beats up Seth Griffith at 7:13 of 2nd period
Alex Formenton has scored a Hat Trick!
Alex Formenton and Jeremy Lauzon fight to a draw at 3:16 of 3rd period
Unknown Goalie enters game at 6:53 of 3rd period
Brennan Menell beats up Michael Rasmussen at 12:52 of 3rd period

Finance

Level 1 -- Attendance: 1507 (75,35%) -- Ticket Income 52 745 $
Level 2 -- Attendance: 752 (75,20%) -- Ticket Income 11 280 $
Total Attendance: 2259 (75,30%)
Total Ticket Income: 64 025 $
Other Income: 31 372 $
Total Income: 95 397 $

Quebec Rempart

5 vs 5 Forward 
   Center                   Left Wing                Right Wing               Time % Phy DF OF 
 1 Trevor Lewis             Kyle Clifford            Buddy Robinson           40     1   2  2  
 2 Nicolas Roy              Mathieu Joseph           Mark Letestu             30     1   2  2  
 3 Tristin Langan           Jack Kopacka             Eetu Tuulola             20     1   2  2  
 4 Buddy Robinson           Kevin Hancock            Alexei Toropchenko       10     1   2  2  

5 vs 5 Defense 
   Defense                  Defense                                           Time % Phy DF OF 
 1 Brendan Guhle            Jeremy Lauzon                                     40     1   2  2  
 2 Brennan Menell           Sami Niku                                         30     1   2  2  
 3 Nick Ebert               Yegor Rykov                                       20     1   2  2  
 4 Brendan Guhle            Jeremy Lauzon                                     10     1   2  2  

PowerPlay Forward 
   Center                   Left Wing                Right Wing               Time % Phy DF OF 
 1 Trevor Lewis             Kyle Clifford            Buddy Robinson           60     1   2  2  
 2 Nicolas Roy              Mathieu Joseph           Mark Letestu             40     1   2  2  

PowerPlay Defense
   Defense                  Defense                                           Time % Phy DF OF 
 1 Brendan Guhle            Jeremy Lauzon                                     60     1   2  2  
 2 Brennan Menell           Sami Niku                                         40     1   2  2  

Penalty Kill 4 Players Forward 
   Center                   Wing                     Time % Phy DF OF 
 1 Buddy Robinson           Trevor Lewis             60     1   2  2  
 2 Kyle Clifford            Mathieu Joseph           40     1   2  2  

Penalty Kill 4 Players Defense
   Defense                  Defense                  Time % Phy DF OF 
 1 Brendan Guhle            Jeremy Lauzon            60     1   2  2  
 2 Brennan Menell           Sami Niku                40     1   2  2  

Penalty Kill - 3 Players Forward 
   Forward                                           Time % Phy DF OF 
 1 Buddy Robinson                                    60     1   2  2  
 2 Trevor Lewis                                      40     1   2  2  

Penalty Kill - 3 Players Defense
   Defense                  Defense                  Time % Phy DF OF 
 1 Brendan Guhle            Jeremy Lauzon            60     1   2  2  
 2 Brennan Menell           Sami Niku                40     1   2  2  

4 vs 4 Forward 
   Center                   Wing                     Time % Phy DF OF 
 1 Buddy Robinson           Trevor Lewis             60     1   2  2  
 2 Kyle Clifford            Mathieu Joseph           40     1   2  2  

4 vs 4 Defense
   Defense                  Defense                  Time % Phy DF OF 
 1 Brendan Guhle            Jeremy Lauzon            60     1   2  2  
 2 Brennan Menell           Sami Niku                40     1   2  2  

Last Minutes Offensive
   Center                   Left Wing                Right Wing               Defense                  Defense                  
   Trevor Lewis             Kyle Clifford            Buddy Robinson           Brendan Guhle            Jeremy Lauzon            

Last Minutes Defensive
   Center                   Left Wing                Right Wing               Defense                  Defense                  
   Trevor Lewis             Kyle Clifford            Buddy Robinson           Brendan Guhle            Jeremy Lauzon            

Goaltenders
Starting : Thatcher Demko           
Backup : Vitek Vanecek            

Extra Forwards
Normal : Sebastian Repo, Eetu Tuulola, Jack Kopacka - PP : Sebastian Repo, Eetu Tuulola - PK : Jack Kopacka
Extra Defensemen
Normal : Nick Ebert, Yegor Rykov, Brennan Menell - PP : Nick Ebert - PK : Yegor Rykov, Brennan Menell
Penalty Shots
Buddy Robinson, Trevor Lewis, Kyle Clifford, Mathieu Joseph, Nicolas Roy

Scratches
Josh Wilkins (Healthy), Michael Joly (Healthy), Joseph LaBate (Healthy), Travis Barron (Healthy), Lukas Craggs (Healthy)
Patrick Newell (Healthy), Martin Pospisil (Healthy), Joseph Duszak (Healthy), Dan DeSalvo (Healthy), Brayden Pachal (Healthy)

Rochester Americans

5 vs 5 Forward 
   Center                   Left Wing                Right Wing               Time % Phy DF OF 
 1 Michael Rasmussen        Alex Formenton           Nathan Bastian           40     1   2  2  
 2 Seth Griffith            Tyler Benson             Christoffer Ehn          30     1   2  2  
 3 Rhett Gardner            Michael Eyssimont        Zach Senyshyn            20     1   2  2  
 4 Andreas Martinsen        Joe Snively              Jake Lucchini            10     1   2  2  

5 vs 5 Defense 
   Defense                  Defense                                           Time % Phy DF OF 
 1 Brandon Davidson         Gavin Bayreuther                                  40     1   2  2  
 2 Steven Kampfer           Alexander Alexeyev                                30     1   2  2  
 3 Moritz Seider            Niko Mikkola                                      20     1   2  2  
 4 Austin Strand            Brandon Davidson                                  10     1   2  2  

PowerPlay Forward 
   Center                   Left Wing                Right Wing               Time % Phy DF OF 
 1 Michael Rasmussen        Alex Formenton           Nathan Bastian           60     1   2  2  
 2 Seth Griffith            Tyler Benson             Christoffer Ehn          40     1   2  2  

PowerPlay Defense
   Defense                  Defense                                           Time % Phy DF OF 
 1 Brandon Davidson         Gavin Bayreuther                                  60     1   2  2  
 2 Steven Kampfer           Alexander Alexeyev                                40     1   2  2  

Penalty Kill 4 Players Forward 
   Center                   Wing                     Time % Phy DF OF 
 1 Michael Rasmussen        Alex Formenton           60     1   2  2  
 2 Nathan Bastian           Seth Griffith            40     1   2  2  

Penalty Kill 4 Players Defense
   Defense                  Defense                  Time % Phy DF OF 
 1 Brandon Davidson         Gavin Bayreuther         60     1   2  2  
 2 Steven Kampfer           Alexander Alexeyev       40     1   2  2  

Penalty Kill - 3 Players Forward 
   Forward                                           Time % Phy DF OF 
 1 Michael Rasmussen                                 60     1   2  2  
 2 Alex Formenton                                    40     1   2  2  

Penalty Kill - 3 Players Defense
   Defense                  Defense                  Time % Phy DF OF 
 1 Brandon Davidson         Gavin Bayreuther         60     1   2  2  
 2 Steven Kampfer           Alexander Alexeyev       40     1   2  2  

4 vs 4 Forward 
   Center                   Wing                     Time % Phy DF OF 
 1 Michael Rasmussen        Alex Formenton           60     1   2  2  
 2 Nathan Bastian           Seth Griffith            40     1   2  2  

4 vs 4 Defense
   Defense                  Defense                  Time % Phy DF OF 
 1 Brandon Davidson         Gavin Bayreuther         60     1   2  2  
 2 Steven Kampfer           Alexander Alexeyev       40     1   2  2  

Last Minutes Offensive
   Center                   Left Wing                Right Wing               Defense                  Defense                  
   Michael Rasmussen        Alex Formenton           Nathan Bastian           Brandon Davidson         Gavin Bayreuther         

Last Minutes Defensive
   Center                   Left Wing                Right Wing               Defense                  Defense                  
   Michael Rasmussen        Alex Formenton           Nathan Bastian           Brandon Davidson         Gavin Bayreuther         

Goaltenders
Starting : Unknown Goalie           
Backup : Unknown Goalie           

Extra Forwards
Normal : Jake Lucchini, Rhett Gardner, Michael Eyssimont - PP : Jake Lucchini, Rhett Gardner - PK : Michael Eyssimont
Extra Defensemen
Normal : Moritz Seider, Niko Mikkola, Austin Strand - PP : Moritz Seider - PK : Niko Mikkola, Austin Strand
Penalty Shots
Michael Rasmussen, Alex Formenton, Nathan Bastian, Seth Griffith, Tyler Benson

Scratches
Brandon Crawley (Healthy), Dominik Masin (Healthy), Alex Broadhurst (Healthy), Keaton Thompson (Healthy), Brett Lernout (Healthy)
Blake Hillman (Healthy), Connor Hobbs (Healthy), Anton Blidh (Healthy), Arnaud Durandeau (Healthy), Mason Geertsen (Healthy)
David Pope (Healthy), Emil Larmi (Healthy)

% Time on Ice - Quebec Rempart

Lines # - Real PCT - Wanted PCT - Time Play
Normal Forward
1 - 33% - 40% - 16:53
2 - 28% - 30% - 14:26
3 - 22% - 20% - 11:27
4 - 17% - 10% - 8:37
Normal Defense
1 - 38% - 40% - 19:29
2 - 32% - 30% - 16:15
3 - 25% - 20% - 12:46
4 - 6% - 10% - 2:53
PP Forward
1 - 68% - 60% - 4:00
2 - 32% - 40% - 1:55
PP Defense
1 - 66% - 60% - 3:53
2 - 34% - 40% - 2:02
PK Forward
1 - 84% - 60% - 2:16
2 - 16% - 40% - 0:26
PK Defense
1 - 65% - 60% - 1:46
2 - 35% - 40% - 0:56
PK3 Forward
1 - 0% - 60%
2 - 0% - 40%
PK3 Defense
1 - 0% - 60%
2 - 0% - 40%
44 Forward
1 - 0% - 60%
2 - 0% - 40%
44 Defense
1 - 0% - 60%
2 - 0% - 40%
Last Minute Offensive  - 0:00
Last Minute Defensive  - 0:00
Total
Forward - 60:00
Defense - 60:00

% Time on Ice - Rochester Americans

Lines # - Real PCT - Wanted PCT - Time Play
Normal Forward
1 - 37% - 40% - 18:55
2 - 30% - 30% - 15:19
3 - 20% - 20% - 10:21
4 - 13% - 10% - 6:48
Normal Defense
1 - 40% - 40% - 20:38
2 - 30% - 30% - 15:23
3 - 23% - 20% - 11:35
4 - 7% - 10% - 3:47
PP Forward
1 - 48% - 60% - 1:17
2 - 52% - 40% - 1:25
PP Defense
1 - 49% - 60% - 1:19
2 - 51% - 40% - 1:23
PK Forward
1 - 77% - 60% - 4:34
2 - 23% - 40% - 1:21
PK Defense
1 - 70% - 60% - 4:07
2 - 30% - 40% - 1:48
PK3 Forward
1 - 0% - 60%
2 - 0% - 40%
PK3 Defense
1 - 0% - 60%
2 - 0% - 40%
44 Forward
1 - 0% - 60%
2 - 0% - 40%
44 Defense
1 - 0% - 60%
2 - 0% - 40%
Last Minute Offensive  - 0:00
Last Minute Defensive  - 0:00
Total
Forward - 60:00
Defense - 60:00

Play-by-Play

1st period


0:01 of 1st period - Michael Rasmussen wins face-off versus Trevor Lewis in neutral zone.
1:48 of 1st period - Yegor Rykov is hit by Tyler Benson and loses puck.
1:55 of 1st period - Slapshot by Tyler Benson.
1:55 of 1st period - Stopped by Thatcher Demko with a rebound.
1:57 of 1st period - Wrist shot by Christoffer Ehn.
1:57 of 1st period - Shot Misses the Net.
2:11 of 1st period - Snap shot by Kyle Clifford.
2:11 of 1st period - Stopped by Unknown Goalie without a rebound.
2:12 of 1st period - Michael Rasmussen wins face-off versus Buddy Robinson in Rochester Americans zone.
2:12 of 1st period - Michael Rasmussen is hit by Sami Niku.
3:05 of 1st period - Snap shot by Tyler Benson.
3:05 of 1st period - Shot Misses the Net.
3:07 of 1st period - Snap shot by Seth Griffith.
3:07 of 1st period - Shot Misses the Net.
3:15 of 1st period - Wrist shot by Seth Griffith.
3:15 of 1st period - Deflect By Christoffer Ehn.
3:15 of 1st period - Shot Misses the Net.
3:15 of 1st period - Puck is out of play.
3:16 of 1st period - Michael Rasmussen wins face-off versus Trevor Lewis in Quebec Rempart zone.
3:41 of 1st period - Moritz Seider is hit by Jeremy Lauzon and loses puck.
3:46 of 1st period - Slapshot by Sami Niku.
3:46 of 1st period - Stopped by Unknown Goalie without a rebound.
3:47 of 1st period - Tristin Langan wins face-off versus Andreas Martinsen in Rochester Americans zone.
3:58 of 1st period - Snap shot by Sami Niku.
3:58 of 1st period - Deflect By Jack Kopacka.
3:58 of 1st period - Stopped by Unknown Goalie with a rebound.
4:00 of 1st period - Snap shot by Tristin Langan.
4:00 of 1st period - Shot Misses the Net.
4:02 of 1st period - Snap shot by Tristin Langan.
4:02 of 1st period - Shot Misses the Net.
4:04 of 1st period - Slapshot by Brennan Menell.
4:04 of 1st period - Deflect By Jack Kopacka.
4:04 of 1st period - Shot Misses the Net.
4:04 of 1st period - Puck is out of play.
4:05 of 1st period - Trevor Lewis wins face-off versus Michael Rasmussen in Rochester Americans zone.
4:18 of 1st period - Snap shot by Buddy Robinson.
4:18 of 1st period - Shot Misses the Net.
4:20 of 1st period - Snap shot by Trevor Lewis.
4:20 of 1st period - Goal by Trevor Lewis - Quebec Rempart : 1 - Rochester Americans : 0.
4:21 of 1st period - Michael Rasmussen wins face-off versus Trevor Lewis in neutral zone.
4:26 of 1st period - Wrist shot by Alex Formenton.
4:26 of 1st period - Shot Misses the Net.
4:28 of 1st period - Slapshot by Michael Rasmussen.
4:28 of 1st period - Shot Misses the Net.
4:51 of 1st period - Icing by Alex Formenton.
4:52 of 1st period - Rhett Gardner wins face-off versus Nicolas Roy in Rochester Americans zone.
4:59 of 1st period - Mathieu Joseph is hit by Brandon Davidson and loses puck.
5:12 of 1st period - Wrist shot by Michael Eyssimont.
5:12 of 1st period - Stopped by Thatcher Demko with a rebound.
5:14 of 1st period - Wrist shot by Michael Eyssimont.
5:14 of 1st period - Stopped by Thatcher Demko with a rebound.
5:16 of 1st period - Wrist shot by Michael Eyssimont.
5:16 of 1st period - Deflect By Rhett Gardner.
5:16 of 1st period - Stopped by Thatcher Demko with a rebound.
5:18 of 1st period - Slapshot by Brandon Davidson.
5:18 of 1st period - Stopped by Thatcher Demko without a rebound.
5:19 of 1st period - Trevor Lewis wins face-off versus Seth Griffith in Quebec Rempart zone.
5:46 of 1st period - Tristin Langan is hit by Michael Rasmussen and loses puck.
5:53 of 1st period - Slapshot by Brendan Guhle.
5:53 of 1st period - Stopped by Unknown Goalie with a rebound.
6:06 of 1st period - Off-side.
6:07 of 1st period - Nicolas Roy wins face-off versus Andreas Martinsen in neutral zone.
6:10 of 1st period - Wrist shot by Mathieu Joseph.
6:10 of 1st period - Shot Misses the Net.
6:22 of 1st period - Snap shot by Jake Lucchini.
6:22 of 1st period - Stopped by Thatcher Demko with a rebound.
6:42 of 1st period - Wrist shot by Mathieu Joseph.
6:42 of 1st period - Shot Misses the Net.
6:54 of 1st period - Slapshot by Mathieu Joseph.
6:54 of 1st period - Stopped by Unknown Goalie with a rebound.
6:56 of 1st period - Slapshot by Yegor Rykov.
6:56 of 1st period - Shot Blocked by Moritz Seider.
6:58 of 1st period - Snap shot by Mathieu Joseph.
6:58 of 1st period - Stopped by Unknown Goalie without a rebound.
6:59 of 1st period - Michael Rasmussen wins face-off versus Trevor Lewis in Rochester Americans zone.
8:10 of 1st period - Off-side.
8:11 of 1st period - Michael Rasmussen wins face-off versus Trevor Lewis in neutral zone.
8:40 of 1st period - Wrist shot by Mathieu Joseph.
8:40 of 1st period - Shot Misses the Net.
8:56 of 1st period - Snap shot by Michael Eyssimont.
8:56 of 1st period - Stopped by Thatcher Demko with a rebound.
9:12 of 1st period - Snap shot by Alex Formenton.
9:12 of 1st period - Shot Blocked by Brendan Guhle.
9:14 of 1st period - Snap shot by Nathan Bastian.
9:14 of 1st period - Shot Misses the Net.
10:26 of 1st period - Snap shot by Michael Rasmussen.
10:26 of 1st period - Stopped by Thatcher Demko without a rebound.
10:27 of 1st period - Nicolas Roy wins face-off versus Seth Griffith in Quebec Rempart zone.
10:27 of 1st period - Nicolas Roy is hit by Seth Griffith.
10:37 of 1st period - Wrist shot by Nicolas Roy.
10:37 of 1st period - Goal by Nicolas Roy - Quebec Rempart : 2 - Rochester Americans : 0.
10:38 of 1st period - Michael Rasmussen wins face-off versus Trevor Lewis in neutral zone.
10:42 of 1st period - Michael Rasmussen and Kyle Clifford fight to a draw.
10:42 of 1st period - Penalty to Michael Rasmussen for Fighting.
10:42 of 1st period - Penalty to Kyle Clifford for Fighting.
10:43 of 1st period - Jake Lucchini wins face-off versus Trevor Lewis in Quebec Rempart zone.
10:45 of 1st period - Buddy Robinson beats up Gavin Bayreuther.
10:45 of 1st period - Penalty to Gavin Bayreuther for Fighting.
10:45 of 1st period - Penalty to Buddy Robinson for Fighting.
10:46 of 1st period - Jake Lucchini wins face-off versus Sebastian Repo in Quebec Rempart zone.
10:47 of 1st period - Backhand shot by Alex Formenton.
10:47 of 1st period - Goal by Alex Formenton - Quebec Rempart : 2 - Rochester Americans : 1.
10:48 of 1st period - Trevor Lewis wins face-off versus Jake Lucchini in neutral zone.
10:51 of 1st period - Slapshot by Brendan Guhle.
10:51 of 1st period - Shot Blocked by Nathan Bastian.
11:18 of 1st period - Alexei Toropchenko is hit by Tyler Benson and loses puck.
11:23 of 1st period - Wrist shot by Christoffer Ehn.
11:23 of 1st period - Deflect By Tyler Benson.
11:23 of 1st period - Stopped by Thatcher Demko without a rebound.
11:24 of 1st period - Jake Lucchini wins face-off versus Trevor Lewis in Quebec Rempart zone.
11:49 of 1st period - Michael Eyssimont is hit by Jack Kopacka and loses puck.
12:16 of 1st period - Snap shot by Tyler Benson.
12:16 of 1st period - Stopped by Thatcher Demko with a rebound.
12:31 of 1st period - Minor Penalty to Nathan Bastian for Goalie Interference.
12:32 of 1st period - Michael Eyssimont wins face-off versus Trevor Lewis in Rochester Americans zone.
12:32 of 1st period - Michael Eyssimont is hit by Sebastian Repo.
13:23 of 1st period - Jake Lucchini is hit by Sebastian Repo and loses puck.
13:42 of 1st period - Alexander Alexeyev is hit by Eetu Tuulola and loses puck.
14:31 of 1st period - Penalty to Nathan Bastian is over, Nathan Bastian is back on ice.
14:33 of 1st period - Wrist shot by Tyler Benson.
14:33 of 1st period - Shot Misses the Net.
15:41 of 1st period - Nick Ebert is hit by Seth Griffith and loses puck.
18:24 of 1st period - Sami Niku is hit by Tyler Benson and loses puck.
19:33 of 1st period - Eetu Tuulola is hit by Joe Snively and loses puck.
19:43 of 1st period - Off-side.
19:44 of 1st period - Seth Griffith wins face-off versus Nicolas Roy in neutral zone.
Goals for this period are 2 for Quebec Rempart vs 1 for Rochester Americans.
Shots for this period are 8 for Quebec Rempart vs 11 for Rochester Americans.

2nd period


0:01 of 2nd period - Trevor Lewis wins face-off versus Michael Rasmussen in neutral zone.
0:11 of 2nd period - Snap shot by Trevor Lewis.
0:11 of 2nd period - Shot Blocked by Gavin Bayreuther.
0:13 of 2nd period - Slapshot by Jeremy Lauzon.
0:13 of 2nd period - Deflect By Buddy Robinson.
0:13 of 2nd period - Stopped by Unknown Goalie with a rebound.
0:15 of 2nd period - Backhand shot by Jeremy Lauzon.
0:15 of 2nd period - Shot Misses the Net.
0:25 of 2nd period - Nathan Bastian is hit by Jeremy Lauzon and loses puck.
0:30 of 2nd period - Slapshot by Eetu Tuulola.
0:30 of 2nd period - Shot Misses the Net.
0:32 of 2nd period - Slapshot by Brennan Menell.
0:32 of 2nd period - Shot Blocked by Gavin Bayreuther.
0:34 of 2nd period - Snap shot by Jack Kopacka.
0:34 of 2nd period - Goal by Jack Kopacka - Quebec Rempart : 3 - Rochester Americans : 1.
0:35 of 2nd period - Seth Griffith wins face-off versus Trevor Lewis in neutral zone.
0:46 of 2nd period - Snap shot by Trevor Lewis.
0:46 of 2nd period - Stopped by Unknown Goalie with a rebound.
0:48 of 2nd period - Snap shot by Jeremy Lauzon.
0:48 of 2nd period - Shot Misses the Net.
0:50 of 2nd period - Slapshot by Brendan Guhle.
0:50 of 2nd period - Deflect By Seth Griffith.
0:50 of 2nd period - Stopped by Unknown Goalie with a rebound.
0:56 of 2nd period - Minor Penalty to Gavin Bayreuther for High sticking.
0:57 of 2nd period - Michael Rasmussen wins face-off versus Trevor Lewis in Rochester Americans zone.
1:10 of 2nd period - Off-side.
1:11 of 2nd period - Michael Rasmussen wins face-off versus Trevor Lewis in neutral zone.
1:42 of 2nd period - Slapshot by Brendan Guhle.
1:42 of 2nd period - Stopped by Unknown Goalie with a rebound.
2:03 of 2nd period - Icing by Sami Niku.
2:04 of 2nd period - Michael Rasmussen wins face-off versus Trevor Lewis in Quebec Rempart zone.
2:41 of 2nd period - Snap shot by Nicolas Roy.
2:41 of 2nd period - Deflect By Mathieu Joseph.
2:41 of 2nd period - Goal by Mathieu Joseph - Quebec Rempart : 4 - Rochester Americans : 1.
2:41 of 2nd period - Unknown Goalie enters game.
2:42 of 2nd period - Michael Rasmussen wins face-off versus Trevor Lewis in neutral zone.
2:56 of 2nd period - Icing by Brendan Guhle.
2:57 of 2nd period - Seth Griffith wins face-off versus Trevor Lewis in Quebec Rempart zone.
2:58 of 2nd period - Slapshot by Tyler Benson.
2:58 of 2nd period - Shot Misses the Net.
3:10 of 2nd period - Snap shot by Buddy Robinson.
3:10 of 2nd period - Stopped by Unknown Goalie with a rebound.
3:12 of 2nd period - Wrist shot by Buddy Robinson.
3:12 of 2nd period - Shot Misses the Net.
3:14 of 2nd period - Wrist shot by Kyle Clifford.
3:14 of 2nd period - Deflect By Trevor Lewis.
3:14 of 2nd period - Shot Blocked by Gavin Bayreuther.
3:14 of 2nd period - Puck is out of play.
3:15 of 2nd period - Michael Rasmussen wins face-off versus Nicolas Roy in Rochester Americans zone.
3:28 of 2nd period - Wrist shot by Mathieu Joseph.
3:28 of 2nd period - Shot Blocked by Alexander Alexeyev.
3:30 of 2nd period - Snap shot by Mathieu Joseph.
3:30 of 2nd period - Shot Blocked by Nathan Bastian.
3:42 of 2nd period - Seth Griffith is hit by Brennan Menell and loses puck.
5:19 of 2nd period - Zach Senyshyn is hit by Tristin Langan and loses puck.
5:25 of 2nd period - Icing by Rhett Gardner.
5:26 of 2nd period - Nicolas Roy wins face-off versus Rhett Gardner in Rochester Americans zone.
5:33 of 2nd period - Wrist shot by Nicolas Roy.
5:33 of 2nd period - Shot Blocked by Moritz Seider.
5:35 of 2nd period - Wrist shot by Mathieu Joseph.
5:35 of 2nd period - Shot Blocked by Moritz Seider.
5:37 of 2nd period - Wrist shot by Mark Letestu.
5:37 of 2nd period - Goal by Mark Letestu - Quebec Rempart : 5 - Rochester Americans : 1.
5:38 of 2nd period - Trevor Lewis wins face-off versus Michael Rasmussen in neutral zone.
5:49 of 2nd period - Slapshot by Brendan Guhle.
5:49 of 2nd period - Stopped by Unknown Goalie with a rebound.
5:51 of 2nd period - Wrist shot by Trevor Lewis.
5:51 of 2nd period - Stopped by Unknown Goalie with a rebound.
5:53 of 2nd period - Snap shot by Kyle Clifford.
5:53 of 2nd period - Stopped by Unknown Goalie with a rebound.
5:59 of 2nd period - Minor Penalty to Michael Rasmussen for Holding.
6:00 of 2nd period - Michael Eyssimont wins face-off versus Trevor Lewis in Rochester Americans zone.
6:09 of 2nd period - Wrist shot by Kyle Clifford.
6:09 of 2nd period - Shot Hit the Post.
6:11 of 2nd period - Slapshot by Brendan Guhle.
6:11 of 2nd period - Goal by Brendan Guhle - Quebec Rempart : 6 - Rochester Americans : 1.
6:12 of 2nd period - Michael Rasmussen wins face-off versus Trevor Lewis in neutral zone.
6:15 of 2nd period - Slapshot by Brandon Davidson.
6:15 of 2nd period - Shot Misses the Net.
6:18 of 2nd period - Icing by Jeremy Lauzon.
6:19 of 2nd period - Alex Formenton wins face-off versus Trevor Lewis in Quebec Rempart zone.
6:29 of 2nd period - Icing by Nathan Bastian.
6:30 of 2nd period - Michael Rasmussen wins face-off versus Buddy Robinson in Rochester Americans zone.
6:34 of 2nd period - Alex Formenton and Buddy Robinson fight to a draw.
6:34 of 2nd period - Penalty to Alex Formenton for Fighting.
6:34 of 2nd period - Penalty to Buddy Robinson for Fighting.
6:35 of 2nd period - Michael Rasmussen wins face-off versus Nicolas Roy in Quebec Rempart zone.
6:36 of 2nd period - Backhand shot by Nathan Bastian.
6:36 of 2nd period - Stopped by Thatcher Demko without a rebound.
6:37 of 2nd period - Nicolas Roy wins face-off versus Michael Rasmussen in Quebec Rempart zone.
6:42 of 2nd period - Slapshot by Brendan Guhle.
6:42 of 2nd period - Stopped by Unknown Goalie without a rebound.
6:43 of 2nd period - Michael Rasmussen wins face-off versus Nicolas Roy in Rochester Americans zone.
6:52 of 2nd period - Snap shot by Nathan Bastian.
6:52 of 2nd period - Shot Blocked by Mathieu Joseph.
7:13 of 2nd period - Kyle Clifford beats up Seth Griffith.
7:13 of 2nd period - Penalty to Seth Griffith for Fighting.
7:13 of 2nd period - Penalty to Kyle Clifford for Fighting.
7:14 of 2nd period - Trevor Lewis wins face-off versus Jake Lucchini in Quebec Rempart zone.
7:14 of 2nd period - Trevor Lewis is hit by Nathan Bastian.
7:45 of 2nd period - Wrist shot by Mathieu Joseph.
7:45 of 2nd period - Stopped by Unknown Goalie without a rebound.
7:46 of 2nd period - Nicolas Roy wins face-off versus Jake Lucchini in Rochester Americans zone.
8:12 of 2nd period - Rhett Gardner is hit by Trevor Lewis and loses puck.
10:04 of 2nd period - Kevin Hancock is hit by Rhett Gardner and loses puck.
10:51 of 2nd period - Rhett Gardner is hit by Trevor Lewis and loses puck.
11:27 of 2nd period - Icing by Michael Rasmussen.
11:28 of 2nd period - Michael Rasmussen wins face-off versus Nicolas Roy in Rochester Americans zone.
11:47 of 2nd period - Backhand shot by Joe Snively.
11:47 of 2nd period - Shot Blocked by Buddy Robinson.
12:24 of 2nd period - Jack Kopacka is hit by Moritz Seider and loses puck.
12:49 of 2nd period - Off-side.
12:50 of 2nd period - Michael Rasmussen wins face-off versus Trevor Lewis in neutral zone.
13:01 of 2nd period - Backhand shot by Michael Rasmussen.
13:01 of 2nd period - Deflect By Alex Formenton.
13:01 of 2nd period - Shot Misses the Net.
13:01 of 2nd period - Puck is out of play.
13:02 of 2nd period - Rhett Gardner wins face-off versus Mathieu Joseph in Quebec Rempart zone.
13:06 of 2nd period - Slapshot by Gavin Bayreuther.
13:06 of 2nd period - Shot Misses the Net.
13:08 of 2nd period - Snap shot by Zach Senyshyn.
13:08 of 2nd period - Shot Misses the Net.
13:10 of 2nd period - Slapshot by Gavin Bayreuther.
13:10 of 2nd period - Stopped by Thatcher Demko with a rebound.
13:12 of 2nd period - Wrist shot by Brandon Davidson.
13:12 of 2nd period - Stopped by Thatcher Demko with a rebound.
13:23 of 2nd period - Minor Penalty to Michael Eyssimont for Hooking.
13:24 of 2nd period - Michael Rasmussen wins face-off versus Trevor Lewis in Rochester Americans zone.
15:23 of 2nd period - Penalty to Michael Eyssimont is over, Michael Eyssimont is back on ice.
15:57 of 2nd period - Wrist shot by Alexei Toropchenko.
15:57 of 2nd period - Deflect By Jake Lucchini.
15:57 of 2nd period - Stopped by Unknown Goalie with a rebound.
16:31 of 2nd period - Wrist shot by Tyler Benson.
16:31 of 2nd period - Deflect By Christoffer Ehn.
16:31 of 2nd period - Shot Misses the Net.
16:31 of 2nd period - Puck is out of play.
16:32 of 2nd period - Seth Griffith wins face-off versus Buddy Robinson in Quebec Rempart zone.
16:37 of 2nd period - Snap shot by Seth Griffith.
16:37 of 2nd period - Stopped by Thatcher Demko with a rebound.
16:39 of 2nd period - Snap shot by Seth Griffith.
16:39 of 2nd period - Shot Blocked by Brennan Menell.
16:41 of 2nd period - Slapshot by Brandon Davidson.
16:41 of 2nd period - Deflect By Buddy Robinson.
16:41 of 2nd period - Stopped by Thatcher Demko without a rebound.
16:42 of 2nd period - Michael Rasmussen wins face-off versus Nicolas Roy in Quebec Rempart zone.
16:46 of 2nd period - Minor Penalty to Brendan Guhle for Holding.
16:47 of 2nd period - Buddy Robinson wins face-off versus Michael Rasmussen in Quebec Rempart zone.
16:47 of 2nd period - Buddy Robinson is hit by Gavin Bayreuther.
17:00 of 2nd period - Slapshot by Michael Rasmussen.
17:00 of 2nd period - Stopped by Thatcher Demko with a rebound.
17:02 of 2nd period - Slapshot by Brandon Davidson.
17:02 of 2nd period - Stopped by Thatcher Demko with a rebound.
17:18 of 2nd period - Wrist shot by Seth Griffith.
17:18 of 2nd period - Shot Misses the Net.
17:20 of 2nd period - Snap shot by Tyler Benson.
17:20 of 2nd period - Stopped by Thatcher Demko without a rebound.
17:21 of 2nd period - Buddy Robinson wins face-off versus Michael Rasmussen in Quebec Rempart zone.
17:49 of 2nd period - Snap shot by Mathieu Joseph.
17:49 of 2nd period - Stopped by Unknown Goalie without a rebound.
17:50 of 2nd period - Kyle Clifford wins face-off versus Michael Rasmussen in Rochester Americans zone.
18:23 of 2nd period - Slapshot by Brandon Davidson.
18:23 of 2nd period - Shot Misses the Net.
18:25 of 2nd period - Backhand shot by Christoffer Ehn.
18:25 of 2nd period - Shot Blocked by Trevor Lewis.
18:27 of 2nd period - Snap shot by Brandon Davidson.
18:27 of 2nd period - Stopped by Thatcher Demko with a rebound.
18:29 of 2nd period - Slapshot by Gavin Bayreuther.
18:29 of 2nd period - Goal by Gavin Bayreuther - Quebec Rempart : 6 - Rochester Americans : 2.
18:30 of 2nd period - Michael Rasmussen wins face-off versus Nicolas Roy in neutral zone.
18:33 of 2nd period - Snap shot by Brandon Davidson.
18:33 of 2nd period - Stopped by Thatcher Demko with a rebound.
18:35 of 2nd period - Snap shot by Michael Rasmussen.
18:35 of 2nd period - Shot Misses the Net.
18:37 of 2nd period - Wrist shot by Michael Rasmussen.
18:37 of 2nd period - Goal by Michael Rasmussen - Quebec Rempart : 6 - Rochester Americans : 3.
18:38 of 2nd period - Trevor Lewis wins face-off versus Michael Rasmussen in neutral zone.
18:52 of 2nd period - Trevor Lewis is hit by Alex Formenton and loses puck.
19:03 of 2nd period - Christoffer Ehn is hit by Mathieu Joseph and loses puck.
19:30 of 2nd period - Rhett Gardner is hit by Brennan Menell and loses puck.
Goals for this period are 4 for Quebec Rempart vs 2 for Rochester Americans.
Shots for this period are 16 for Quebec Rempart vs 12 for Rochester Americans.

3rd period


0:01 of 3rd period - Trevor Lewis wins face-off versus Michael Rasmussen in neutral zone.
0:04 of 3rd period - Wrist shot by Trevor Lewis.
0:04 of 3rd period - Deflect By Buddy Robinson.
0:04 of 3rd period - Shot Misses the Net.
0:04 of 3rd period - Puck is out of play.
0:05 of 3rd period - Trevor Lewis wins face-off versus Michael Rasmussen in Rochester Americans zone.
0:08 of 3rd period - Wrist shot by Kyle Clifford.
0:08 of 3rd period - Stopped by Unknown Goalie with a rebound.
1:06 of 3rd period - Snap shot by Mathieu Joseph.
1:06 of 3rd period - Shot Blocked by Gavin Bayreuther.
1:52 of 3rd period - Snap shot by Rhett Gardner.
1:52 of 3rd period - Stopped by Thatcher Demko with a rebound.
2:00 of 3rd period - Minor Penalty to Buddy Robinson for Checking from behind.
2:01 of 3rd period - Jack Kopacka wins face-off versus Seth Griffith in Quebec Rempart zone.
2:10 of 3rd period - Slapshot by Tyler Benson.
2:10 of 3rd period - Stopped by Thatcher Demko with a rebound.
2:12 of 3rd period - Snap shot by Christoffer Ehn.
2:12 of 3rd period - Stopped by Thatcher Demko without a rebound.
2:13 of 3rd period - Jack Kopacka wins face-off versus Seth Griffith in Quebec Rempart zone.
2:13 of 3rd period - Jack Kopacka is hit by Tyler Benson.
2:47 of 3rd period - Wrist shot by Michael Rasmussen.
2:47 of 3rd period - Stopped by Thatcher Demko without a rebound.
2:48 of 3rd period - Michael Rasmussen wins face-off versus Nicolas Roy in Quebec Rempart zone.
2:57 of 3rd period - Snap shot by Michael Rasmussen.
2:57 of 3rd period - Shot Misses the Net.
2:59 of 3rd period - Snap shot by Nathan Bastian.
2:59 of 3rd period - Deflect By Alex Formenton.
2:59 of 3rd period - Goal by Alex Formenton - Quebec Rempart : 6 - Rochester Americans : 4.
3:00 of 3rd period - Michael Rasmussen wins face-off versus Nicolas Roy in neutral zone.
3:05 of 3rd period - Snap shot by Alex Formenton.
3:05 of 3rd period - Shot Misses the Net.
3:07 of 3rd period - Snap shot by Alex Formenton.
3:07 of 3rd period - Stopped by Thatcher Demko with a rebound.
3:09 of 3rd period - Snap shot by Alex Formenton.
3:09 of 3rd period - Stopped by Thatcher Demko with a rebound.
3:11 of 3rd period - Slapshot by Steven Kampfer.
3:11 of 3rd period - Deflect By Nathan Bastian.
3:11 of 3rd period - Stopped by Thatcher Demko with a rebound.
3:13 of 3rd period - Snap shot by Alex Formenton.
3:13 of 3rd period - Stopped by Thatcher Demko with a rebound.
3:15 of 3rd period - Wrist shot by Alex Formenton.
3:15 of 3rd period - Goal by Alex Formenton - Quebec Rempart : 6 - Rochester Americans : 5.
3:16 of 3rd period - Michael Rasmussen wins face-off versus Trevor Lewis in neutral zone.
3:16 of 3rd period - Alex Formenton and Jeremy Lauzon fight to a draw.
3:16 of 3rd period - Penalty to Alex Formenton for Fighting.
3:16 of 3rd period - Penalty to Jeremy Lauzon for Fighting.
3:17 of 3rd period - Michael Rasmussen wins face-off versus Trevor Lewis in neutral zone.
3:24 of 3rd period - Slapshot by Alexander Alexeyev.
3:24 of 3rd period - Deflect By Nathan Bastian.
3:24 of 3rd period - Shot Misses the Net.
3:24 of 3rd period - Puck is out of play.
3:25 of 3rd period - Michael Rasmussen wins face-off versus Trevor Lewis in Quebec Rempart zone.
3:26 of 3rd period - Snap shot by Nathan Bastian.
3:26 of 3rd period - Shot Blocked by Buddy Robinson.
3:29 of 3rd period - Icing by Nick Ebert.
3:30 of 3rd period - Trevor Lewis wins face-off versus Nathan Bastian in Quebec Rempart zone.
3:30 of 3rd period - Trevor Lewis is hit by Nathan Bastian.
4:42 of 3rd period - Slapshot by Brennan Menell.
4:42 of 3rd period - Shot Misses the Net.
4:44 of 3rd period - Wrist shot by Alexei Toropchenko.
4:44 of 3rd period - Goal by Alexei Toropchenko - Quebec Rempart : 7 - Rochester Americans : 5.
4:45 of 3rd period - Trevor Lewis wins face-off versus Michael Rasmussen in neutral zone.
4:47 of 3rd period - Off-side.
4:48 of 3rd period - Trevor Lewis wins face-off versus Nathan Bastian in neutral zone.
4:55 of 3rd period - Snap shot by Nathan Bastian.
4:55 of 3rd period - Stopped by Thatcher Demko with a rebound.
5:39 of 3rd period - Wrist shot by Brendan Guhle.
5:39 of 3rd period - Deflect By Eetu Tuulola.
5:39 of 3rd period - Shot Misses the Net.
5:39 of 3rd period - Puck is out of play.
5:40 of 3rd period - Michael Rasmussen wins face-off versus Eetu Tuulola in Rochester Americans zone.
6:20 of 3rd period - Seth Griffith is hit by Eetu Tuulola and loses puck.
6:29 of 3rd period - Eetu Tuulola is hit by Moritz Seider and loses puck.
6:53 of 3rd period - Snap shot by Eetu Tuulola.
6:53 of 3rd period - Goal by Eetu Tuulola - Quebec Rempart : 8 - Rochester Americans : 5.
6:53 of 3rd period - Unknown Goalie enters game.
6:54 of 3rd period - Michael Rasmussen wins face-off versus Trevor Lewis in neutral zone.
7:19 of 3rd period - Brandon Davidson is hit by Mathieu Joseph.
8:17 of 3rd period - Slapshot by Seth Griffith.
8:17 of 3rd period - Stopped by Thatcher Demko without a rebound.
8:18 of 3rd period - Nicolas Roy wins face-off versus Tyler Benson in Quebec Rempart zone.
9:38 of 3rd period - Slapshot by Tyler Benson.
9:38 of 3rd period - Shot Misses the Net.
10:06 of 3rd period - Snap shot by Michael Rasmussen.
10:06 of 3rd period - Shot Blocked by Yegor Rykov.
10:35 of 3rd period - Slapshot by Trevor Lewis.
10:35 of 3rd period - Stopped by Unknown Goalie with a rebound.
10:59 of 3rd period - Snap shot by Tyler Benson.
10:59 of 3rd period - Deflect By Christoffer Ehn.
10:59 of 3rd period - Shot Blocked by Kevin Hancock.
10:59 of 3rd period - Puck is out of play.
11:00 of 3rd period - Seth Griffith wins face-off versus Sebastian Repo in Quebec Rempart zone.
11:23 of 3rd period - Alexei Toropchenko is hit by Christoffer Ehn and loses puck.
11:30 of 3rd period - Slapshot by Brendan Guhle.
11:30 of 3rd period - Deflect By Seth Griffith.
11:30 of 3rd period - Stopped by Unknown Goalie with a rebound.
11:46 of 3rd period - Slapshot by Seth Griffith.
11:46 of 3rd period - Stopped by Thatcher Demko without a rebound.
11:47 of 3rd period - Trevor Lewis wins face-off versus Michael Rasmussen in Quebec Rempart zone.
12:21 of 3rd period - Snap shot by Michael Eyssimont.
12:21 of 3rd period - Stopped by Thatcher Demko without a rebound.
12:22 of 3rd period - Nicolas Roy wins face-off versus Rhett Gardner in Quebec Rempart zone.
12:52 of 3rd period - Brennan Menell beats up Michael Rasmussen.
12:52 of 3rd period - Penalty to Michael Rasmussen for Fighting.
12:52 of 3rd period - Penalty to Brennan Menell for Fighting.
12:53 of 3rd period - Trevor Lewis wins face-off versus Alex Formenton in Rochester Americans zone.
13:06 of 3rd period - Alex Formenton is hit by Buddy Robinson and loses puck.
13:53 of 3rd period - Slapshot by Jack Kopacka.
13:53 of 3rd period - Deflect By Tristin Langan.
13:53 of 3rd period - Stopped by Unknown Goalie with a rebound.
13:55 of 3rd period - Slapshot by Eetu Tuulola.
13:55 of 3rd period - Stopped by Unknown Goalie with a rebound.
13:57 of 3rd period - Wrist shot by Eetu Tuulola.
13:57 of 3rd period - Shot Misses the Net.
13:59 of 3rd period - Snap shot by Eetu Tuulola.
13:59 of 3rd period - Stopped by Unknown Goalie with a rebound.
14:01 of 3rd period - Slapshot by Jeremy Lauzon.
14:01 of 3rd period - Deflect By Tristin Langan.
14:01 of 3rd period - Shot Misses the Net.
14:01 of 3rd period - Puck is out of play.
14:02 of 3rd period - Jake Lucchini wins face-off versus Kyle Clifford in Rochester Americans zone.
14:02 of 3rd period - Jake Lucchini is hit by Nick Ebert.
14:10 of 3rd period - Snap shot by Nathan Bastian.
14:10 of 3rd period - Shot Blocked by Nick Ebert.
14:30 of 3rd period - Wrist shot by Seth Griffith.
14:30 of 3rd period - Shot Blocked by Sami Niku.
14:32 of 3rd period - Snap shot by Tyler Benson.
14:32 of 3rd period - Shot Misses the Net.
14:34 of 3rd period - Snap shot by Alexander Alexeyev.
14:34 of 3rd period - Shot Misses the Net.
14:36 of 3rd period - Wrist shot by Christoffer Ehn.
14:36 of 3rd period - Stopped by Thatcher Demko with a rebound.
14:38 of 3rd period - Slapshot by Steven Kampfer.
14:38 of 3rd period - Shot Blocked by Nick Ebert.
14:40 of 3rd period - Slapshot by Alexander Alexeyev.
14:40 of 3rd period - Stopped by Thatcher Demko with a rebound.
15:45 of 3rd period - Wrist shot by Mark Letestu.
15:45 of 3rd period - Stopped by Unknown Goalie with a rebound.
16:27 of 3rd period - Alex Formenton is hit by Tristin Langan and loses puck.
17:05 of 3rd period - Jack Kopacka is hit by Michael Eyssimont and loses puck.
17:18 of 3rd period - Nicolas Roy is hit by Jake Lucchini and loses puck.
17:31 of 3rd period - Snap shot by Alex Formenton.
17:31 of 3rd period - Deflect By Nathan Bastian.
17:31 of 3rd period - Shot Blocked by Nick Ebert.
17:31 of 3rd period - Puck is out of play.
17:32 of 3rd period - Michael Eyssimont wins face-off versus Kyle Clifford in Quebec Rempart zone.
17:48 of 3rd period - Brandon Davidson is hit by Tristin Langan and loses puck.
18:03 of 3rd period - Nick Ebert is hit by Seth Griffith.
18:06 of 3rd period - Off-side.
18:07 of 3rd period - Nicolas Roy wins face-off versus Seth Griffith in neutral zone.
18:31 of 3rd period - Brennan Menell is hit by Moritz Seider and loses puck.
18:44 of 3rd period - Snap shot by Nathan Bastian.
18:44 of 3rd period - Shot Blocked by Jack Kopacka.
18:57 of 3rd period - Icing by Niko Mikkola.
18:58 of 3rd period - Nicolas Roy wins face-off versus Rhett Gardner in Rochester Americans zone.
19:07 of 3rd period - Yegor Rykov is hit by Niko Mikkola and loses puck.
19:48 of 3rd period - Icing by Gavin Bayreuther.
19:49 of 3rd period - Tristin Langan wins face-off versus Seth Griffith in Rochester Americans zone.
19:50 of 3rd period - Snap shot by Eetu Tuulola.
19:50 of 3rd period - Shot Misses the Net.
19:52 of 3rd period - Snap shot by Tristin Langan.
19:52 of 3rd period - Shot Blocked by Tyler Benson.
19:54 of 3rd period - Slapshot by Jeremy Lauzon.
19:54 of 3rd period - Shot Blocked by Brandon Davidson.
19:56 of 3rd period - Snap shot by Eetu Tuulola.
19:56 of 3rd period - Shot Misses the Net.
19:58 of 3rd period - Wrist shot by Eetu Tuulola.
19:58 of 3rd period - Shot Misses the Net.
Goals for this period are 2 for Quebec Rempart vs 2 for Rochester Americans.
Shots for this period are 9 for Quebec Rempart vs 16 for Rochester Americans.